 Dungeon Crawl Stone Soup version 0.25-a0-549-g6e6e6501ad (webtiles) character file.

Game seed: 7083212934858436451, levelgen mode: deterministic

651 Esekla the Thaumaturge (level 7, -1/36 HPs)
             Began as a Deep Elf Wizard on Feb 23, 2020.
             Was a Priest of Lugonu.
             Slain by a sky beast (6 damage)
             ... on level 5 of the Dungeon.
             The game lasted 00:37:15 (4289 turns).

Esekla the Thaumaturge (Deep Elf Wizard)            Turns: 4289, Time: 00:37:17

Health: -1/36      AC:  3    Str:  6    XL:     7   Next: 28%
Magic:  15/20      EV: 13    Int: 23    God:    Lugonu [***...]
Gold:   232        SH:  0    Dex: 13    Spells: 7/22 levels left

rFire    . . .     SeeInvis .   B - +1 rapier (venom)
rCold    . . .     Gourm    .   (no shield)
rNeg     . . .     Faith    .   a - +0 robe
rPois    .         Spirit   .   b - +0 hat
rElec    .         Reflect  .   y - +0 cloak
rCorr    .         Harm     .   (no gloves)
MR       .....                  (no boots)
Stlth    ++........             F - amulet of the acrobat
HPRegen  0.12/turn              (no ring)
MPRegen  0.17/turn              (no ring)

@: no status effects
A: no striking features
a: Depart the Abyss, Bend Space, Banish, Renounce Religion


You were on level 5 of the Dungeon.
You worshipped Lugonu.
Lugonu was most pleased with you.
You were not hungry.

You visited 1 branch of the dungeon, and saw 5 of its levels.

You collected 232 gold pieces.

Inventory:

Hand Weapons
 q - the +7 trident "Igheyguh" {freeze, rPois Str+2}
   (You found it on level 5 of the Dungeon)

   It has been specially enchanted to freeze those struck by it, causing extra
   injury to most foes and up to half again as much damage against particularly
   susceptible opponents.
   It can also slow down cold-blooded creatures.
   It affects your strength (+2).
   It protects you from poison.
 B - a +1 rapier of venom (weapon)
 D - a +0 vorpal shortbow
Missiles
 e - 5 silver javelins
 h - 19 arrows
 o - 6 poisoned darts (quivered)
Armour
 a - a +0 robe (worn)
 b - a +0 hat (worn)
 y - a +0 cloak (worn)
Jewellery
 F - an amulet of the acrobat (around neck)
Wands
 x - a wand of random effects (25)
 z - a wand of polymorph (7)
Scrolls
 c - 4 scrolls of remove curse
 f - 2 scrolls of enchant armour {unknown}
 g - a scroll of amnesia {unknown}
 i - a scroll of noise {unknown}
 j - a scroll of enchant weapon {unknown}
 l - 4 scrolls of blinking {unknown}
 n - a scroll of magic mapping {unknown}
 r - a scroll of random uselessness {unknown}
 w - 2 scrolls of teleportation {unknown}
Potions
 k - a potion of brilliance
 m - a potion of ambrosia {unknown}
 p - 2 potions of curing
 s - 2 potions of magic
 t - a potion of lignification {unknown}
 u - a potion of haste {unknown}
 v - a potion of berserk rage {unknown}
 A - a potion of flight
 C - a potion of resistance {unknown}
 E - a potion of mutation
Comestibles
 d - 4 rations


   Skills:
 * Level 1.4 Short Blades
 + Level 0.9 Throwing
 + Level 2.8 Dodging
 + Level 2.7 Stealth
 * Level 8.3 Spellcasting
 + Level 3.1 Conjurations
 * Level 1.9 Charms
   Level 1.1 Summonings
 + Level 1.4 Translocations
 * Level 1.9 Fire Magic
 * Level 2.2 Ice Magic
 + Level 0.2 Air Magic
 * Level 2.2 Invocations


You had 7 spell levels left.
You knew the following spells:

 Your Spells              Type           Power        Failure   Level  Hunger
a - Ozocubu's Armour      Chrm/Ice       ###.....     9%          3    None
b - Blink                 Tloc           N/A          5%          2    None
c - Mephitic Cloud        Conj/Pois/Air  ##......     13%         3    None
d - Magic Dart            Conj           ###.         1%          1    None
f - Conjure Flame         Conj/Fire      ###.....     7%          3    None
r - Frozen Ramparts       Ice            ###...       9%          3    None

Your spell library contained the following spells:

 Spells                   Type           Power        Failure   Level  Hunger
 Freeze                   Ice            ###.         2%          1    None
 Call Imp                 Summ           ##......     6%          2    None
 Slow                     Hex            #.......     11%         2    None
 Hailstorm                Conj/Ice       ###.....     22%         4    ##.....
 Summon Ice Beast         Ice/Summ       ###.....     32%         4    ##.....


Dungeon Overview and Level Annotations

Branches:
Dungeon (5/15)
 Temple: D:4-7

Altars:
Ashenzari
Elyvilon
Hepliaklqana
Vehumet
Wu Jian
Lugonu


Message History

You see here a +0 vorpal shortbow.
D - a +0 vorpal shortbow Attack whom?
Press: ? - help, Dir - move target cursor, f - sky beast
Aim: a sky beast You reach to attack!
You hit the sky beast but do no damage.
The +7 trident "Igheyguh" {freeze, rPois Str+2} stops glowing.
Your +1 rapier of venom begins to drip with poison!
B - a +1 rapier of venom (weapon)
You closely miss the sky beast.
The sky beast is engulfed in blazing flames.
The sky beast hits you. The sky beast shocks you.
* * * LOW HITPOINT WARNING * * *
You closely miss the sky beast.
The sky beast is heavily wounded.
The sky beast is engulfed in blazing flames.
The sky beast hits you.
* * * LOW HITPOINT WARNING * * *
The sky beast shocks you.
You die...

#.. ..# ..#..##### ......##
.......... .......
.).......# .....# ........#
.....# #......# ####....#
..##......####.....#.#..#
..........@Y.†.........#
###.....###.....##.#.
#...### #.((........#
..###...######...(......#
............................
............................
...#...................S....
......####.#................
##..............#...........


You could see a sky beast.

Vanquished Creatures
  A phantom (D:4)
  An ogre (D:4)
  A centaur (D:5)
  A scorpion (D:4)
  3 hounds (D:4)
  An iguana (D:4)
  3 worker ants
  A hound zombie (D:5)
  7 adders
  An adder skeleton (D:4)
  A worm (D:2)
  3 dart slugs (D:1)
  2 leopard geckos
  2 orcs (D:4)
  3 ball pythons
  8 bats
  4 giant cockroaches
  9 goblins
  10 hobgoblins
  5 jackals
  8 frilled lizards
  5 kobolds
  4 rats
84 creatures vanquished.

Notes
Turn   | Place    | Note
-------+----------+-------------------------------------------
     0 | D:1      | Esekla the Deep Elf Wizard began the quest for the Orb.
     0 | D:1      | Reached XP level 1. HP: 10/10 MP: 7/7
   199 | D:1      | Reached skill level 5 in Spellcasting
   199 | D:1      | Reached XP level 2. HP: 15/15 MP: 7/10
   329 | D:1      | Learned a level 2 spell: Blink
   381 | D:2      | Found a hazy altar of Hepliaklqana.
   764 | D:1      | Reached XP level 3. HP: 19/19 MP: 9/12
   769 | D:1      | Learned a level 3 spell: Mephitic Cloud
   773 | D:1      | Learned a level 3 spell: Conjure Flame
  1108 | D:1      | Reached skill level 6 in Spellcasting
  1432 | D:3      | Found a faded altar of an unknown god.
  1437 | D:3      | Became a worshipper of Lugonu the Unformed
  1437 | D:3      | Reached * piety under Lugonu
  1437 | D:3      | Reached ** piety under Lugonu
  1469 | D:3      | Found a white marble altar of Elyvilon.
  1581 | D:3      | Reached XP level 4. HP: 24/24 MP: 9/14
  2212 | D:3      | Found a shattered altar of Ashenzari.
  2692 | D:4      | Reached skill level 1 in Fire Magic
  2705 | D:4      | Reached XP level 5. HP: 28/28 MP: 6/16
  2731 | D:4      | Found a radiant altar of Vehumet.
  2733 | D:4      | Found an ornate altar of the Wu Jian Council.
  2776 | D:4      | Reached skill level 7 in Spellcasting
  2789 | D:4      | Learned a level 3 spell: Ozocubu's Armour
  2793 | D:4      | Learned a level 3 spell: Frozen Ramparts
  2805 | D:4      | Reached skill level 1 in Ice Magic
  3073 | D:4      | Noticed an ogre
  3101 | D:4      | Killed an ogre
  3101 | D:4      | Reached skill level 1 in Charms
  3101 | D:4      | Reached XP level 6. HP: 32/32 MP: 5/18
  3695 | D:4      | Reached skill level 1 in Short Blades
  3695 | D:4      | Reached skill level 8 in Spellcasting
  3695 | D:4      | Reached skill level 1 in Invocations
  3980 | D:4      | Reached XP level 7. HP: 31/36 MP: 14/20
  4037 | D:5      | Entered Level 5 of the Dungeon
  4059 | D:5      | Got a shimmering trident
  4074 | D:4      | Identified the +7 trident "Igheyguh" {freeze, rPois Str+2}
                  | (You found it on level 5 of the Dungeon)
  4229 | D:5      | Reached *** piety under Lugonu
  4289 | D:5      | Slain by a sky beast

Levels and vault maps discovered:
D:1:      wander_arrival_fairy_ring, layout_basic
D:2:      layout_basic, overflow_temple_1_default
D:3:      layout_basic, old_standard_altar, elyvilon_altar_5,
          chequers_ecumenical_altar_grove, grunt_ministairs_15
D:4:      wad_crossroads, layout_cave_pools, nicolae_overflow_hidden_temple
D:5:      layout_basic, first_ration, serial_bayou, serial_bayou_shore_b,
          serial_bayou_shore_b, serial_bayou_pond_e, serial_bayou_pond_e,
          minmay_quadrilaterals

Skill      XL: |  1  2  3  4  5  6  7 |
---------------+----------------------+-----
Spellcasting   | 5 6 7 8 |  8.3
Conjurations   | 2 3 |  3.1
Fire Magic     | 1 |  1.9
Ice Magic      | 1 2 |  2.2
Charms         | 1 |  1.9
Short Blades   | 1 |  1.4
Invocations    | 1 2 |  2.2
Throwing       | |  0.9
Dodging        | |  2.8
Stealth        | |  2.7
Summonings     | |  1.1
Translocations | |  1.4
Air Magic      | |  0.2

Action                   |  1- 3 |  4- 6 |  7- 9 || total
-------------------------+-------+-------+-------++-------
Melee: Dagger            |    14 |     6 |       ||    20
       Spear             |     1 |       |       ||     1
       Rapier            |       |    30 |     7 ||    37
       Trident           |       |       |    11 ||    11
Throw: Dart              |       |    13 |     4 ||    17
 Cast: Magic Dart        |    86 |    97 |     8 ||   191
       Conjure Flame     |     1 |     3 |     1 ||     5
       Mephitic Cloud    |       |     1 |     2 ||     3
       Blink             |       |     1 |       ||     1
       Ozocubu's Armour  |       |     6 |       ||     6
       Frozen Ramparts   |       |     1 |       ||     1
Invok: Bend Space        |       |     2 |     1 ||     3
  Use: Scroll            |       |     8 |       ||     8
 Stab: Sleeping          |     3 |     3 |       ||     6
       Confused          |       |       |     1 ||     1
  Eat: Chunk             |     1 |     6 |       ||     7
       Ration            |       |     1 |       ||     1
Armor: Robe              |     7 |    13 |     3 ||    23
Dodge: Dodged            |    33 |    40 |    10 ||    83

Table legend:
 A = Non-vault XP
 B = Vault XP
 C = Vault XP percentage of total XP
 D = Non-vault monster count
 E = Vault monster count
 F = Vault count percentage of total count
                 A         B        C        D         E       F
            +---------+---------+-------+---------+---------+-------
      Total |     922 |       9 |   1.0 |      80 |       4 |   4.8
            +---------+---------+-------+---------+---------+-------
        D:1 |      62 |       0 |   0.0 |      32 |       0 |   0.0
        D:2 |      43 |       0 |   0.0 |      10 |       0 |   0.0
        D:3 |      38 |       3 |   7.3 |      15 |       2 |  11.8
        D:4 |     593 |       6 |   1.0 |      17 |       2 |  10.5
        D:5 |     186 |       0 |   0.0 |       6 |       0 |   0.0
            +---------+---------+-------+---------+---------+-------
